 Dungeon Crawl Stone Soup version 0.30-a0-457-g4b7bca3bfa (webtiles) character file.

Game seed: 363119607937751133

2094 bmack86 the Cleaver (level 9, -11/78 HPs)
             Began as a Minotaur Fighter on Dec 14, 2022.
             Killed from afar by a steam dragon (20 damage)
             ... with a ball of steam
             ... on level 7 of the Dungeon.
             The game lasted 00:14:10 (4828 turns).

bmack86 the Cleaver (Minotaur Fighter)              Turns: 4828, Time: 00:14:12

Health: -11/78     AC: 13    Str: 25    XL:     9   Next: 7%
Magic:  8/8        EV: 12    Int:  5    God:
Gold:   507        SH:  5    Dex: 10    Spells: 8/8 levels left

rFire   . . .      SeeInvis .    a - +3 war axe
rCold   . . .      Faith    .    c - +0 buckler
rNeg    . . .      Spirit   .    v - +0 plate armour
rPois   .          Reflect  .    (helmet restricted)
rElec   .          Harm     .    (no cloak)
rCorr   .          Rampage  .    (no gloves)
Will    .....                    (no boots)
Stlth   ..........               p - amulet of the acrobat
HPRegen 0.33/turn                k - +4 ring of evasion
MPRegen 0.11/turn                (no ring)

@: no status effects
A: horns 2, retaliatory headbutt
a: no special abilities


You were on level 7 of the Dungeon.
You visited 2 branches of the dungeon, and saw 8 of its levels.
You also visited: Sewer.

You collected 507 gold pieces.

Inventory:

Hand Weapons
 a - a +3 war axe (weapon)
Missiles
 h - 4 boomerangs (quivered)
 z - a throwing net
Armour
 b - a +0 scale mail
 c - a +0 buckler (worn)
 o - a +0 troll leather armour {Pargi}
 v - a +0 plate armour (worn)
 w - a +1 leather armour of poison resistance
Jewellery
 k - a +4 ring of evasion (left hand)
 p - an amulet of the acrobat (around neck)
Wands
 r - a wand of flame (14)
 s - a wand of paralysis (11)
 t - a wand of roots (6)
Scrolls
 l - a scroll of magic mapping
 m - a scroll of silence
 n - 2 scrolls of immolation
 y - a scroll of teleportation
 A - a scroll of identify
Potions
 d - 2 potions of might
 e - 2 potions of lignification
 f - a potion of invisibility
 g - 2 potions of flight
 i - 2 potions of haste
 j - 3 potions of heal wounds
 q - 3 potions of curing
 u - 2 potions of ambrosia {unknown}
 x - a potion of cancellation {unknown}


   Skills:
 + Level 6.6 Fighting
 + Level 9.7 Axes
 + Level 7.4 Armour
 + Level 3.5 Dodging
 + Level 1.1 Stealth
 + Level 5.7 Shields


You had 8 spell levels left.
You didn't know any spells.
Your spell library contained the following spells:

 Spells                   Type           Power      Damage    Failure   Level
 Ensorcelled Hibernation  Hex/Ice        0%         N/A       100%        2
 Passwall                 Tmut/Erth      0%         N/A       100%        2
 Swiftness                Air            0%         N/A       100%        3
 Animate Dead             Necr           0%         N/A       100%        4
 Passage of Golubria      Tloc           0%         N/A       100%        4
 Borgnjor's Vile Clutch   Necr/Erth      0%         N/A       100%        5
 Silence                  Hex/Air        0%         N/A       100%        5
 Death Channel            Necr           0%         N/A       100%        6
 Lehudib's Crystal Spear  Conj/Erth      0%         10d2      100%        8


Dungeon Overview and Level Annotations

Branches:
Dungeon (7/15)             Temple (1/1) D:4           Sewer (visited)

Altars:
Ashenzari
Dithmenos
Elyvilon
Fedhas
Kikubaaqudgha
Nemelex Xobeh
Okawaru
Ru
Sif Muna
Trog
Vehumet
Xom
Yredelemnul
Zin


Innate Abilities, Weirdness & Mutations

You have a pair of horns on your head.
You reflexively headbutt those who attack you in melee.


Message History

You barely miss the ice beast.
The ice beast is heavily wounded.
You hit something but do no damage. Something hits you.
You block the gnoll's attack. The gnoll hits you but does no damage.
The ice beast hits you but does no damage.
You barely miss the ice beast. Your headbutt misses the ice beast.
The ice beast is heavily wounded.
You hit something. Something hits you but does no damage.
You block the gnoll's attack. The gnoll hits you but does no damage.
The ice beast hits you. The ice beast freezes you!
The gnoll hits you from afar with a +0 halberd.
* * * LOW HITPOINT WARNING * * *
Something hits you!
* * * LOW HITPOINT WARNING * * *
The ice beast misses you. You block the gnoll's attack.
You slash the ice beast!
You kill the ice beast!
You closely miss something. Something hits you but does no damage.
The gnoll hits you but does no damage. The gnoll barely misses you.
Something hits you but does no damage.
You hit the gnoll. You headbutt the gnoll.
The gnoll is moderately wounded.
You barely miss something. Something hits you but does no damage.
The gnoll hits you but does no damage. The gnoll misses you.
You block the gnoll's attack.
You slash the gnoll!
You kill the gnoll!
You hit the steam dragon. You hit something but do no damage.
Something hits you.
* * * LOW HITPOINT WARNING * * *
The gnoll barely misses you. The gnoll completely misses you.
The steam dragon bites you but does no damage.
The steam dragon barely misses you.
You barely miss something. You slash the steam dragon!
Something hits you but does no damage. The gnoll completely misses you.
The gnoll hits you from afar with a +0 spear.
* * * LOW HITPOINT WARNING * * *
The steam dragon breathes steam at you. The ball of steam hits you!!
You die...

## ..### #...# #(#.#
###########
#.#.####.........#
#........######@'#
#.#.####.# #...)Dg..#
#.#.####.###.##g.##.#
##...#...[..# ♣..♣ #
..<###.##.### .)/.
....##.##...# .)...
....##.##...# #♣..♣#
....##.##...# #..#
########....#


You could see a steam dragon (catching breath) and 2 gnolls.

Vanquished Creatures
  3 water moccasins
  Pargi (Sewer)
  A sky beast (D:4)
  A black bear (D:4)
  3 ice beasts
  A centaur (D:6)
  3 bullfrogs
  4 scorpions
  A necrophage (D:6)
  A howler monkey (D:5)
  2 jellies (D:5)
  4 hounds
  2 orc priests
  6 iguanas
  2 orc wizards
  A gnoll (D:7)
  5 adders
  A shadow imp (D:5)
  3 white imps
  4 worms
  3 dart slugs
  10 orcs
  12 bats
  6 endoplasms
  8 giant cockroaches
  10 goblins
  4 hobgoblins
  5 quokkas
  9 ball pythons
  6 kobolds
  4 rats
126 creatures vanquished.

Vanquished Creatures (others)
  8 plants
8 creatures vanquished.

Grand Total: 134 creatures vanquished

Notes
Turn   | Place    | Note
-------+----------+-------------------------------------------
     0 | D:1      | bmack86 the Minotaur Fighter began the quest for the Orb.
     0 | D:1      | Reached XP level 1. HP: 19/19 MP: 0/0
    54 | D:1      | Reached XP level 2. HP: 19/27 MP: 1/1
   644 | D:1      | Reached XP level 3. HP: 33/33 MP: 2/2
   868 | D:2      | Identified the +2 leather armour of the Garden {rElec rPois
                  | rC++ Will-}
  1036 | D:2      | Reached skill level 1 in Dodging
  1187 | D:2      | Reached skill level 3 in Axes
  1250 | D:2      | Found a faded altar of an unknown god.
  1406 | D:2      | Reached XP level 4. HP: 40/40 MP: 3/3
  1563 | D:3      | Noticed a bullfrog
  1573 | D:3      | Killed a bullfrog
  1602 | D:3      | Reached XP level 5. HP: 41/47 MP: 4/4
  1792 | D:3      | Reached skill level 4 in Axes
  1923 | D:3      | Found a shadowy altar of Dithmenos.
  1931 | D:3      | Found an iron altar of Okawaru.
  2018 | D:3      | Found a glowing drain.
  2040 | Sewer    | Entered a sewer
  2045 | Sewer    | Reached skill level 5 in Armour
  2075 | Sewer    | Noticed Pargi
  2085 | Sewer    | Killed Pargi
  2086 | Sewer    | Reached XP level 6. HP: 46/53 MP: 5/5
  2516 | D:4      | Found a staircase to the Ecumenical Temple.
  2531 | D:4      | Reached skill level 5 in Axes
  2561 | Temple   | Entered the Ecumenical Temple
  2589 | D:4      | Noticed a sky beast
  2596 | D:4      | Killed a sky beast
  2678 | D:4      | Reached XP level 7. HP: 58/60 MP: 6/6
  2691 | D:4      | Reached skill level 6 in Axes
  2870 | D:4      | Reached skill level 5 in Fighting
  2946 | D:4      | Found a sparkling altar of Nemelex Xobeh.
  3054 | D:5      | Entered Level 5 of the Dungeon
  3249 | D:5      | Reached skill level 7 in Axes
  3405 | D:5      | Reached skill level 5 in Shields
  3690 | D:6      | Reached XP level 8. HP: 33/70 MP: 7/7
  3889 | D:6      | Reached skill level 8 in Axes
  4574 | D:7      | Reached skill level 9 in Axes
  4636 | D:7      | Reached skill level 1 in Stealth
  4711 | D:7      | Reached XP level 9. HP: 67/78 MP: 8/8
  4828 | D:7      | Killed from afar by a steam dragon

Illustrated notes

Levels and vault maps discovered:
D:1:      saegor_arrival_simple_b, layout_loops_cross
D:2:      layout_basic, hellmonk_ecumenical_altar_defaced_shrine,
          serial_aquarium, aquarium_bridge_straight [aquarium_subvault_bridge,
          aquarium_subvault_balcony, aquarium_subvault_bridge,
          aquarium_subvault_balcony], aquarium_window_1, aquarium_window_fake,
          aquarium_window_1, aquarium_view_2d, aquarium_balcony_3b
D:3:      layout_loops_ring, minitemple, gup_sewer_entry_pipe,
          serial_bayou_lagoon_b
D:4:      layout_cave_pools, overflow_temple_1_default,
          minmay_temple_entry_offerings, serial_bayou_pond_c
D:5:      layout_basic
D:6:      layout_basic, chequers_serial_rivers_small_3, nrook_loot_triangle,
          hex_large
D:7:      layout_loops_cross, hangedman_decor_peaks_small, chequers_avenue,
          kennysheep_generic_room_5
Temple:   minmay_freezing_vapour_temple

Skill      XL: |  1  2  3  4  5  6  7  8 |
---------------+-------------------------+-----
Armour         | 4 5 6 7 |  7.4
Shields        | 4 5 |  5.7
Fighting       | 4 5 6 |  6.6
Dodging        | 1 2 3 |  3.5
Axes           | 3 4 5 7 9 |  9.7
Stealth        | 1 |  1.1

Action                   |  1- 3 |  4- 6 |  7- 9 || total
-------------------------+-------+-------+-------++-------
Melee: War axe           |    79 |    97 |   128 ||   304
       Headbutt          |    12 |    17 |    15 ||    44
Throw: Boomerang         |       |     1 |       ||     1
  Use: Scroll            |     3 |     3 |     8 ||    14
Armor: Scale mail        |    28 |    34 |    26 ||    88
       Plate armour      |       |       |    36 ||    36
Dodge: Dodged            |    43 |    56 |    93 ||   192
Block: Buckler           |    20 |    29 |    28 ||    77

Table legend: (Time is in decaauts)
 A = Elapsed time spent in this place.
 B = Non-inter-level travel time spent in this place.
 C = Inter-level travel time spent in this place.
 D = Time resting spent in this place.
 E = Time spent auto-exploring this place.
 F = Levels seen in this place.
 G = Mean time per level.
                   A        B        C        D        E       F      G
               +--------+--------+--------+--------+--------+-----+--------+
         Total |   4943 |   4813 |    130 |    114 |   3234 |   9 |  549.2 |
       Dungeon |   4827 |   4697 |    130 |    114 |   3219 |   7 |  689.6 |
        Temple |     23 |     23 |      0 |      0 |      0 |   1 |   23.0 |
         Sewer |     92 |     92 |      0 |      0 |     15 |   1 |   92.0 |
               +--------+--------+--------+--------+--------+-----+--------+

Top non-repeatable levels by time:
     D:3: 939 daAuts
     D:1: 788 daAuts
     D:2: 782 daAuts
     D:6: 773 daAuts
     D:5: 632 daAuts
     D:4: 527 daAuts
     D:7: 383 daAuts
   Sewer: 92 daAuts
  Temple: 23 daAuts
